 Dungeon Crawl Stone Soup version 0.28.0 (webtiles) character file.

Game seed: 18148261584626203579

5100 Vidar99 the Cleaver (level 10, -2/93 HPs)
             Began as a Hill Orc Fighter on Feb 11, 2022.
             Was a Believer of the Shining One.
             Succumbed to a kobold brigand's curare-tipped dart
             ... on level 8 of the Dungeon.
             The game lasted 01:06:09 (9434 turns).

Vidar99 the Cleaver (Hill Orc Fighter)              Turns: 9434, Time: 01:06:10

Health: -2/93      AC: 25    Str: 24    XL:     10   Next: 57%
Magic:  13/13      EV:  7    Int: 14    God:    the Shining One [**....]
Gold:   436        SH:  5    Dex: 10    Spells: 9/9 levels left

rFire   . . .      SeeInvis .   x - +1 battleaxe (vorpal)
rCold   . . .      Faith    .   (shield currently unavailable)
rNeg    + . .      Spirit   .   h - +0 plate armour
rPois   .          Reflect  +   s - +1 helmet
rElec   .          Harm     .   t - +0 cloak
rCorr   .          Rampage  .   (no gloves)
Will    .....                   w - +2 pair of boots
Stlth   ..........              e - amulet of reflection
HPRegen 0.25/turn               n - +4 ring of protection
MPRegen 0.13/turn               v - +6 ring of intelligence

@: lethally poisoned (-2 -> -13), slowed, glowing, very slow
A: no striking features
a: Renounce Religion, Divine Shield


You were on level 8 of the Dungeon.
You worshipped the Shining One.
The Shining One was pleased with you.
You visited 2 branches of the dungeon, and saw 10 of its levels.

You collected 436 gold pieces.

Inventory:

Hand Weapons
 a - a +1 vorpal war axe
 x - a +1 vorpal battleaxe (weapon)
Missiles
 c - 3 silver javelins
 j - 6 curare-tipped darts (quivered)
 l - 24 poisoned darts
 A - 2 boomerangs of dispersal
Armour
 h - a +0 plate armour (worn)
 s - a +1 helmet (worn)
 t - a +0 cloak (worn)
 w - a +2 pair of boots (worn)
Jewellery
 e - an amulet of reflection (around neck)
 n - a +4 ring of protection (left hand)
 v - a +6 ring of intelligence (right hand)
Wands
 b - a wand of paralysis (16)
 o - a wand of iceblast (12)
 p - a wand of flame (30)
Scrolls
 g - a scroll of brand weapon
 i - a scroll of holy word {unknown}
 k - a scroll of identify
 q - 2 scrolls of teleportation
 u - a scroll of noise {unknown}
 B - a scroll of silence {unknown}
Potions
 d - 2 potions of ambrosia
 f - a potion of magic
 m - 2 potions of flight
 r - 4 potions of curing


   Skills:
 + Level 10.0 Fighting
 + Level 10.3 Axes
 + Level 9.0 Armour
 - Level 7.8 Shields
 + Level 5.3 Invocations


You had 9 spell levels left.
You didn't know any spells.
Your spell library contained the following spells:

 Spells                   Type           Power      Damage    Failure   Level
 Foxfire                  Conj/Fire      0%         2x1d4     98%         1
 Call Canine Familiar     Summ           0%         N/A       100%        3
 Conjure Flame            Conj/Fire      0%         6-21      100%        3
 Gell's Gravitas          Tloc           0%         N/A       100%        3
 Inner Flame              Hex/Fire       0%         N/A       100%        3
 Portal Projectile        Hex/Tloc       0%         N/A       100%        3
 Teleport Other           Tloc           0%         N/A       100%        3
 Animate Dead             Necr           0%         N/A       100%        4
 Flame Wave               Conj/Fire      0%         2d4       100%        4
 Leda's Liquefaction      Hex/Erth       0%         N/A       100%        4
 Passage of Golubria      Tloc           0%         N/A       100%        4
 Borgnjor's Vile Clutch   Necr/Erth      0%         N/A       100%        5
 Iskenderun's Battlesphe  Conj           0%         2d6       100%        5
 Silence                  Hex/Air        0%         N/A       100%        5
 Conjure Ball Lightning   Conj/Air       0%         3x3d6     100%        6
 Death Channel            Necr           0%         N/A       100%        6
 Dispersal                Tloc           0%         N/A       100%        6
 Iron Shot                Conj/Erth      0%         9d1       100%        6
 Spellforged Servitor     Conj/Summ      0%         N/A       100%        7
 Discord                  Hex            0%         N/A       100%        8
 Disjunction              Tloc           0%         N/A       100%        8
 Lehudib's Crystal Spear  Conj/Erth      0%         10d2      100%        8


Dungeon Overview and Level Annotations

Branches:
Dungeon (9/15)             Temple (1/1) D:5
   Lair: D:8-11         Orc: D:9-12

Altars:
Ashenzari
Cheibriados
Dithmenos
Elyvilon
Fedhas
Gozag
Hepliaklqana
Kikubaaqudgha
Makhleb
Nemelex Xobeh
Okawaru
Ru
Sif Muna
Trog
Uskayaw
Vehumet
Wu Jian
Xom
Yredelemnul
Zin
The Shining One

Shops:
D:6 (

Annotations:
D:7 2 transporters, DemonSlayer's ghost, novice DEWz
D:8 Psyche


Message History

The centaur zombie kicks you but does no damage.
The kobold brigand throws a curare-tipped dart.
The curare-tipped dart hits you.
You are lethally poisoned!
You have difficulty breathing.
* * * LOW HITPOINT WARNING * * *
You feel as though you will be slow longer.
Unknown command.
You feel much better.
You feel very sick.
The centaur zombie hits you but does no damage.
The centaur zombie kicks you but does no damage.
The centaur zombie hits you but does no damage.
The centaur zombie barely misses you.
You feel very sick.
The kobold brigand is no longer moving slowly.
The centaur zombie hits you but does no damage.
The centaur zombie kicks you but does no damage.
The centaur zombie hits you but does no damage.
The centaur zombie barely misses you.
You feel sick. You block the centaur zombie's attack.
The centaur zombie barely misses you.
The kobold brigand throws a curare-tipped dart.
The curare-tipped dart hits you.
You are lethally poisoned!
You have difficulty breathing.
* * * LOW HITPOINT WARNING * * *
You feel as though you will be slow longer.
The centaur zombie hits you but does no damage.
You block the centaur zombie's attack.
* * * LOW HITPOINT WARNING * * *
You feel extremely sick.
The centaur zombie completely misses you.
The centaur zombie barely misses you.
You see here a +0 whip.
* * * LOW HITPOINT WARNING * * *
You feel very sick.
The kobold brigand looks more healthy.
You block the centaur zombie's attack.
The centaur zombie completely misses you.
You die...

..# #....OK........ ..#
#K####.......# ..# #{#
#.......# ..# #O#
#.......# ..# #K#
#.......# ..# #.#
#....#### ..# #.# #....#
#.# #K####....#### #.#
#..{O.K.Z.@..# #.#
########....#.## # #.#
#......######.##.#### ..#
#......######........
..###......##.....#.....#
........................#
....#......##.....#.....#
.>..#......##....?#######
....#########.....#


You could see a two-headed ogre, a kobold brigand and a centaur zombie.

Vanquished Creatures
  Pikel (D:5)
  An ugly thing (D:8)
  Prince Ribbit (D:5)
  A wyvern (D:6)
  A steam dragon (D:8)
  A yak (D:6)
  Edmund (D:5)
  A hornet zombie (D:7)
  A sky beast (D:4)
  2 ice beasts
  An orc warrior (D:4)
  4 black bears
  2 necrophages
  4 ogres
  3 phantoms
  A lemure (D:5)
  A kobold brigand (D:6)
  4 bullfrogs
  5 scorpions
  A wyvern zombie (D:5)
  A water moccasin skeleton (D:4)
  3 killer bees (D:5)
  5 wights (D:5)
  2 bullfrog zombies
  3 centaur zombies
  3 hounds
  A jelly (D:6)
  2 bullfrog skeletons
  A centaur skeleton (D:6)
  An orc priest (D:5)
  An iguana (D:6)
  5 orc wizards
  Terence (D:3)
  A killer bee zombie (D:8)
  A howler monkey zombie (D:8)
  13 adders
  A gnoll (D:6)
  A river rat (D:6)
  2 shadow imps
  2 white imps
  A worm (D:5)
  3 dart slugs
  29 orcs
  6 endoplasms
  2 giant cockroaches (D:2)
  6 goblins
  6 hobgoblins
  5 quokkas
  6 ball pythons
  6 bats
  5 frilled lizards
  5 kobolds
  7 rats
174 creatures vanquished.

Vanquished Creatures (others)
  A kobold (D:8)
  40 plants
41 creatures vanquished.

Grand Total: 215 creatures vanquished

Notes
Turn   | Place    | Note
-------+----------+-------------------------------------------
     0 | D:1      | Vidar99 the Hill Orc Fighter began the quest for the Orb.
     0 | D:1      | Reached XP level 1. HP: 19/19 MP: 1/1
   538 | D:1      | Reached XP level 2. HP: 27/27 MP: 2/2
  1638 | D:2      | Reached XP level 3. HP: 33/33 MP: 3/3
  2228 | D:3      | Noticed Terence
  2351 | D:3      | Reached XP level 4. HP: 39/40 MP: 4/4
  2456 | D:3      | Killed Terence
  2555 | D:3      | Found a faded altar of an unknown god.
  2586 | D:3      | Noticed a phantom
  2596 | D:3      | Killed a phantom
  2597 | D:3      | Reached XP level 5. HP: 38/47 MP: 5/5
  3218 | D:4      | Noticed an orc warrior
  3231 | D:4      | Reached skill level 5 in Fighting
  3449 | D:4      | Reached XP level 6. HP: 50/56 MP: 6/6
  3765 | D:4      | Reached skill level 5 in Axes
  4016 | D:4      | Killed an orc warrior
  4017 | D:4      | Reached skill level 5 in Armour
  4017 | D:4      | Reached skill level 5 in Shields
  4017 | D:4      | Reached XP level 7. HP: 16/61 MP: 7/7
  4285 | D:5      | Entered Level 5 of the Dungeon
  4947 | D:4      | Reached XP level 8. HP: 66/71 MP: 8/8
  5457 | D:5      | Found a staircase to the Ecumenical Temple.
  5458 | D:5      | Noticed Edmund
  5477 | D:5      | Noticed Pikel
  5514 | D:5      | Killed Edmund
  5519 | D:5      | Paralysed by Pikel for 3 turns
  5541 | D:5      | Paralysed by Pikel for 3 turns
  5548 | D:5      | Paralysed by Pikel for 7 turns
  5555 | D:5      | Killed Pikel
  5821 | Temple   | Entered the Ecumenical Temple
  6380 | Temple   | Became a worshipper of the Shining One
  6604 | D:6      | Reached XP level 9. HP: 79/79 MP: 9/9
  6708 | D:6      | You fall into a shaft and drop 1 floor!
  6731 | D:7      | Found a transporter.
  6741 | D:7      | Found a transporter.
  6742 | D:7      | Noticed a queen bee
  6742 | D:7      | Noticed DemonSlayer's ghost (novice DEWz)
  6746 | D:7      | Noticed a hornet
  6832 | D:5      | Noticed Prince Ribbit
  6859 | D:5      | Killed Prince Ribbit
  7000 | D:5      | Reached * piety under the Shining One
  7404 | D:6      | Reached skill level 1 in Invocations
  7721 | D:6      | Found Zuotorchu's Antique Weapon Shoppe.
  8145 | D:6      | Reached XP level 10. HP: 81/91 MP: 10/12
  8154 | D:6      | Reached ** piety under the Shining One
  8860 | D:7      | Reached skill level 10 in Axes
  9168 | D:9      | Noticed a two-headed ogre
  9326 | D:8      | Noticed a purple ugly thing
  9347 | D:8      | Killed a purple ugly thing
  9348 | D:8      | Reached skill level 5 in Invocations
  9380 | D:9      | Noticed a cyclops
  9393 | D:8      | Noticed Psyche
  9396 | D:8      | Reached skill level 10 in Fighting
  9427 | D:8      | HP: 4/93 [asphyx]
  9433 | D:8      | HP: 1/93 [poisoned by a kobold brigand (curare-tipped
                  | dart)]
  9434 | D:8      | Succumbed to a kobold brigand's curare-tipped dart

Illustrated notes

Levels and vault maps discovered:
D:1:      amcnicky_arrival_underground_garden, layout_basic,
          serial_co_window_serial, co_window_corner_a, co_window_paths_b,
          co_window_of_opportunity_a, co_window_paths_a,
          co_window_of_opportunity_a, co_window_2corner,
          co_window_of_opportunity_b, co_window_of_opportunity_b, co_window_sun,
          co_window_4corner_a, glass_columns_c
D:2:      layout_basic, minmay_tromino_v4_a
D:3:      layout_loops_cross, hellmonk_ecumenical_altar_blasted, uniq_terence
D:4:      layout_loops_corners, serial_bayou, serial_bayou_pond_c,
          serial_bayou_shore_b, serial_bayou_shore_b, serial_bayou_lagoon_a,
          serial_bayou_shore_b, serial_bayou_pond_a
D:5:      layout_basic, minmay_temple_entry_nine_rooms, uniq_pikel, uniq_edmund,
          uniq_prince_ribbit1
D:6:      minmay_bubble_buster, layout_loops_ring, portal_sewer_entry_c,
          serial_shops, nicolae_shop_behind_doors, nicolae_figureground_sparkle
D:7:      layout_basic, gammafunk_ghost_hive, serial_bayou_crossing
D:8:      layout_basic, serial_shops, nicolae_shop_competitors_out_of_business,
          uniq_psyche
D:9:      layout_cave_pools, grunt_qazlal_sundering, david_lair_shrubbed,
          uniq_grum
Temple:   mainiacjoe_temple_circle_huts

Skill      XL: |  1  2  3  4  5  6  7  8  9 10 |
---------------+-------------------------------+-----
Axes           | 3 4 5 6 7 9 10 | 10.3
Fighting       | 4 5 6 7 9 10 | 10.0
Armour         | 4 5 6 8 9 |  9.0
Shields        | 4 5 6 7 |  7.8
Invocations    | 2 5 |  5.3

Action                   |  1- 3 |  4- 6 |  7- 9 | 10-12 || total
-------------------------+-------+-------+-------+-------++-------
Melee: War axe           |    92 |   134 |   200 |       ||   426
       Battleaxe         |       |       |    60 |    84 ||   144
Throw: Dart              |       |     4 |       |       ||     4
  Use: Scroll            |       |     7 |     6 |     2 ||    15
       Potion            |       |     1 |     2 |     2 ||     5
Armor: Scale mail        |     7 |       |       |       ||     7
       Chain mail        |    41 |    87 |     3 |       ||   131
       Plate armour      |       |       |   157 |    97 ||   254
Dodge: Dodged            |    30 |    59 |    71 |    44 ||   204
Block: Buckler           |    15 |    36 |    45 |       ||    96
       Other             |       |       |       |    30 ||    30
       Reflection        |       |       |       |     3 ||     3
